 Dungeon Crawl Stone Soup version 0.28-a0-1412-gf95308ed99 (webtiles) character file.

Game seed: 712212469356997385

165 Hasart the Caller (level 5, 0/27 HPs)
             Began as a Kobold Summoner on Jan 6, 2022.
             Was a Follower of Hepliaklqana.
             Slain by an iguana (3 damage)
             ... on level 4 of the Dungeon.
             The game lasted 00:09:38 (3411 turns).

Hasart the Caller (Kobold Summoner)                 Turns: 3411, Time: 00:09:39

Health: 0/27       AC:  2    Str:  5    XL:     5   Next: 75%
Magic:  9/9        EV: 15    Int: 19    God:    Hepliaklqana [*.....]
Gold:   112        SH:  0    Dex: 15    Spells: 0/9 levels left

rFire   . . .      SeeInvis .   l - +2 flail (holy)
rCold   . . .      Faith    .   (no shield)
rNeg    . . .      Spirit   .   a - +0 robe
rPois   .          Reflect  .   (no helmet)
rElec   .          Harm     .   (no cloak)
rCorr   .          Rampage  .   (no gloves)
Will    +....                   (no boots)
Stlth   +++.......              e - amulet of regeneration
HPRegen 0.89/turn               k - ring of willpower
MPRegen 0.11/turn               (no ring)

@: no status effects
A: reduced essence, small, no large weapons, nightstalker 3
a: Renounce Religion, Recall Ancestor, Ancestor Identity


You were on level 4 of the Dungeon.
You worshipped Hepliaklqana.
Hepliaklqana was aware of your devotion.
You visited 1 branch of the dungeon, and saw 4 of its levels.

You collected 112 gold pieces.

Inventory:

Hand Weapons
 d - a +0 dagger
 l - a +2 flail of holy wrath (weapon)
Armour
 a - a +0 robe (worn)
 j - an orb of guile
Jewellery
 e - an amulet of regeneration (around neck)
 g - an amulet of reflection
 k - a ring of willpower (left hand)
Scrolls
 b - a scroll of fog {unknown}
 c - 2 scrolls of identify {unknown}
 h - a scroll of amnesia {unknown}
 m - a scroll of enchant weapon {unknown}
 n - a scroll of fear {unknown}
 o - a scroll of brand weapon {unknown}
Potions
 f - 2 potions of heal wounds {unknown}
 i - a potion of degeneration {unknown}
 p - a potion of lignification {unknown}


   Skills:
 + Level 1.7 Fighting
 + Level 3.2 Dodging
 + Level 3.8 Stealth
 + Level 2.8 Spellcasting
 + Level 1.1 Conjurations
 * Level 4.8 Summonings
 + Level 1.0 Earth Magic


You couldn't memorise any spells.
You knew the following spells:

 Your Spells              Type           Power      Damage    Failure   Level
a - Call Imp              Summ           21%        N/A       3%          2
b - Summon Small Mammal   Summ           84%        N/A       2%          1
c - Stone Arrow           Conj/Erth      14%        3d7       28%         3
d - Call Canine Familiar  Summ           21%        N/A       6%          3

Your spell library contained the following spells:

 Spells                   Type           Power      Damage    Failure   Level
 Sandblast                Erth           12%        2d6       10%         1
 Summon Guardian Golem    Hex/Summ       11%        N/A       17%         3
 Passwall                 Tmut/Erth      3%         N/A       19%         2
 Summon Lightning Spire   Summ/Air       11%        N/A       50%         4


Dungeon Overview and Level Annotations

Branches:
Dungeon (4/15)
 Temple: D:4-7

Altars:
Ashenzari
Fedhas
Hepliaklqana
Ru

Shops:
D:1 *   D:2 ([(


Innate Abilities, Weirdness & Mutations

Your life essence is reduced to manifest your ancestor. (-10% HP)
You are small and have problems with some larger weapons.
You are completely attuned to the shadows.


Message History

A quokka is nearby!
You barely miss the quokka. The quokka bites you. The quokka misses you.
You barely miss the quokka.
The quokka bites you but does no damage.
You hit the quokka.
The quokka is severely wounded.
The quokka bites you. The quokka misses you.
You sock the quokka!
You kill the quokka!
You see here a quokka corpse.
p - a fuming emerald potion You swap places.
A ball python comes into view.
The ball python moves out of view.
An iguana comes into view.
The iguana hisses angrily.
You hear an angry hiss.
An iguana is nearby!
The iguana hisses menacingly.
You swap places.
The iguana misses Sylane.
The ball python bites Sylane.
Sylane closely misses the ball python.
The iguana closely misses Sylane.
The ball python bites Sylane but does no damage.
The ball python bites Sylane.
Sylane hits the ball python.
The ball python dies!
The iguana misses Sylane.
The iguana bites Sylane.
Sylane hits the iguana.
The iguana bites Sylane but does no damage.
Sylane hits the iguana.
The iguana bites Sylane.
The iguana bites Sylane!
Sylane is destroyed!
You hit the iguana but do no damage.
The iguana is lightly wounded.
The iguana bites you!
Ouch! That really hurt!
The iguana bites you!
* * * LOW HITPOINT WARNING * * *
You hit the iguana.
The iguana is moderately wounded.
The iguana bites you.
You die...

# #. .#.#
...†#####
....l@..#
....###.#
.### #.#
#.# #.#
#.#
#######
#.#
......#
####.#
#####.#
#.###....#


You could see an iguana.

Vanquished Creatures
  An adder (D:3)
  2 gnolls (D:3)
  2 worms
  3 dart slugs
  7 endoplasms
  5 giant cockroaches
  4 goblins
  2 hobgoblins (D:3)
  2 jackals (D:1)
  A quokka (D:4)
  7 ball pythons
  A bat (D:2)
  7 frilled lizards
  3 kobolds
  9 rats
56 creatures vanquished.

Vanquished Creatures (collateral kills)
  4 gnolls
  An adder (D:3)
  A dart slug (D:1)
  3 orcs (D:3)
  2 bats
  4 endoplasms
  A giant cockroach (D:3)
  A hobgoblin (D:3)
  A ball python (D:4)
  A frilled lizard (D:1)
  2 goblins
  A rat (D:3)
22 creatures vanquished.

Vanquished Creatures (others)
  2 ancestors
2 creatures vanquished.

Grand Total: 80 creatures vanquished

Notes
Turn   | Place    | Note
-------+----------+-------------------------------------------
     0 | D:1      | Hasart the Kobold Summoner began the quest for the Orb.
     0 | D:1      | Reached XP level 1. HP: 10/10 MP: 3/3
   312 | D:1      | Reached XP level 2. HP: 10/16 MP: 3/5
   447 | D:1      | Learned a level 2 spell: Call Imp
   619 | D:1      | Found a faded altar of an unknown god.
   956 | D:1      | Found Edano's Assorted Antiques.
   983 | D:1      | Reached skill level 1 in Fighting
  1009 | D:1      | Reached XP level 3. HP: 20/20 MP: 6/6
  1147 | D:1      | Learned a level 3 spell: Stone Arrow
  1549 | D:2      | Found Ery Zora's Antique Weapon Boutique.
  1615 | D:2      | Reached XP level 4. HP: 25/25 MP: 7/7
  1659 | D:2      | Found Seplarghi's Armour Emporium.
  1807 | D:2      | Found a hazy altar of Hepliaklqana.
  1903 | D:2      | Became a worshipper of Hepliaklqana the Forgotten
  2080 | D:2      | Found Puoru Rynt's Weapon Emporium.
  2530 | D:3      | Reached XP level 5. HP: 29/29 MP: 5/8
  2537 | D:3      | Reached skill level 1 in Conjurations
  2565 | D:3      | Learned a level 3 spell: Call Canine Familiar
  2717 | D:3      | Found a broken altar of Ashenzari.
  2819 | D:3      | Found a blossoming altar of Fedhas.
  2839 | D:3      | Reached skill level 1 in Earth Magic
  2910 | D:3      | Reached * piety under Hepliaklqana
  2995 | D:3      | Found a sacrificial altar of Ru.
  3411 | D:4      | Slain by an iguana

Illustrated notes

Levels and vault maps discovered:
D:1:      scummos_arrival_simple_fountains, layout_loops_ring, serial_shops,
          shop, ebering_ecumenical_altar_sacrificial, kennysheep_nondescript
D:2:      layout_rooms, serial_shops, shop_statue, nicolae_diamond_shop,
          nicolae_shop_trees, basic_altar
D:3:      layout_loops_ring, lemuel_coloured_pillars_altar,
          fedhas_altar_fruit_tree, hangedman_ru_absence, nrook_uturn,
          eino_tiny_chamber, chequers_serial_rivers_micro_c
D:4:      layout_loops_ring

Skill      XL: |  1  2  3  4  5 |
---------------+----------------+-----
Stealth        | 3 |  3.8
Fighting       | 1 |  1.7
Dodging        | 3 |  3.2
Conjurations   | 1 |  1.1
Earth Magic    | 1 |  1.0
Spellcasting   | |  2.8
Summonings     | |  4.8

Action                   |  1- 3 |  4- 6 || total
-------------------------+-------+-------++-------
Melee: Unarmed           |    37 |       ||    37
       Dagger            |    71 |    22 ||    93
       Punch             |     1 |     1 ||     2
       Flail             |       |    83 ||    83
 Cast: Summon Small Mamm |     6 |     1 ||     7
       Call Imp          |     4 |     6 ||    10
       Call Canine Famil |       |     1 ||     1
Invok: Ancestor Identity |       |     1 ||     1
 Stab: Sleeping          |    12 |    17 ||    29
Armor: Robe              |    26 |    18 ||    44
Dodge: Dodged            |   108 |    68 ||   176

Table legend: (Time is in decaauts)
 A = Elapsed time spent in this place.
 B = Non-inter-level travel time spent in this place.
 C = Inter-level travel time spent in this place.
 D = Time resting spent in this place.
 E = Time spent auto-exploring this place.
 F = Levels seen in this place.
 G = Mean time per level.
                   A        B        C        D        E       F      G
               +--------+--------+--------+--------+--------+-----+--------+
         Total |   3441 |   3331 |    110 |    307 |   2215 |   4 |  860.2 |
       Dungeon |   3441 |   3331 |    110 |    307 |   2215 |   4 |  860.2 |
               +--------+--------+--------+--------+--------+-----+--------+

Top non-repeatable levels by time:
     D:1: 1526 daAuts
     D:3: 1045 daAuts
     D:2: 781 daAuts
     D:4: 87 daAuts
